| TOP OF THE 1ST |
|
Bowie Baysox batting - Pitching for New Hampshire Fisher Cats : RHP Mike Powell
|
|
Pitching: RHP Mike Powell
|
|
|
Batting: RHB Rudo Garciaparra
|
0-0: Foul Ball, location: 2F 0-1: Ball 1-1: Foul Ball, location: 2F 1-2: Ground out 2-3 (Groundball, 15S, EV 71.9 MPH)
|
|
Batting: RHB Longfellow Wetzler
|
0-0: Called Strike 0-1: Swinging Strike 0-2: Ball 1-2: Strikes out swinging
|
|
Batting: RHB Dermott Neill
|
0-0: Foul Ball, location: 2F 0-1: Ball 1-1: Called Strike 1-2: Strikes out looking
|
| Top of the 1st over - 0 runs, 0 hits, 0 errors, 0 left on base; Bowie 0 - New Hampshire 0 |
| BOTTOM OF THE 1ST |
|
New Hampshire Fisher Cats batting - Pitching for Bowie Baysox : RHP Travis Tovey
|
|
Pitching: RHP Travis Tovey
|
|
|
Batting: SHB Spencer Jones
|
0-0: Called Strike 0-1: Ball 1-1: Called Strike 1-2: Ground out 6-3 (Groundball, 6, EV 84.4 MPH)
|
|
Batting: RHB Donny Burnside
|
0-0: DOUBLE (Line Drive, 89D, EV 104.4 MPH)
|
|
Batting: LHB Jose Bregaro
|
0-0: Ball 1-0: Ground out U3 (Groundball, 3, EV 106.3 MPH) Donny Burnside to third
|
|
Batting: LHB Ray Whitehead
|
0-0: Called Strike 0-1: Foul Ball, location: 2F 0-2: Foul Ball, location: 2F 0-2: Ground out 6-3 (Groundball, 6, EV 97.5 MPH)
|
| Bottom of the 1st over - 0 runs, 1 hit, 0 errors, 1 left on base; Bowie 0 - New Hampshire 0 |
| TOP OF THE 2ND |
|
Bowie Baysox batting - Pitching for New Hampshire Fisher Cats : RHP Mike Powell
|
|
Batting: SHB Tony Pantaleon
|
0-0: DOUBLE (Flyball, 78XD, EV 106.3 MPH)
|
|
Batting: RHB Chase Cassidy
|
0-0: Ball 1-0: Ball 2-0: Called Strike 2-1: Ground out 6-3 (Groundball, 6, EV 78.8 MPH)
|
|
Batting: SHB Justin Toth
|
0-0: Ground out U3 (Groundball, 3L, EV 106.9 MPH) Tony Pantaleon to third
|
|
Batting: RHB Ashton Holloway
|
0-0: Foul Ball, location: 2F 0-1: Ball 1-1: Ground out 4-3 (Groundball, 4, EV 103.8 MPH)
|
| Top of the 2nd over - 0 runs, 1 hit, 0 errors, 1 left on base; Bowie 0 - New Hampshire 0 |
| BOTTOM OF THE 2ND |
|
New Hampshire Fisher Cats batting - Pitching for Bowie Baysox : RHP Travis Tovey
|
|
Batting: SHB Eduardo Maldonado
|
0-0: Ball 1-0: Ball 2-0: Ball 3-0: Called Strike 3-1: Base on Balls
|
|
Batting: RHB Danny Alberto
|
0-0: Called Strike Eduardo Maldonado steals 2nd, throwing error, E2 Eduardo Maldonado to third 0-1: Ball 1-1: Ground out 6-3 (Groundball, 6, EV 103.8 MPH) Eduardo Maldonado scores
|
|
Batting: RHB Lee McKay
|
0-0: Ball 1-0: Called Strike 1-1: Ball 2-1: Fly out, F9 (Flyball, 9, EV 75.0 MPH)
|
|
Batting: RHB Jorge Baret
|
0-0: Ball 1-0: Foul Ball, location: 2F 1-1: Ball 2-1: SINGLE (Groundball, 6MD, EV 98.8 MPH)
|
|
Batting: RHB Cyril Husson
|
0-0: Called Strike Jorge Baret steals 2nd base 0-1: Foul Ball, location: 2F 0-2: Ball Wild Pitch! Jorge Baret to third 1-2: Ball Wild Pitch! Jorge Baret scores 2-2: Ball 3-2: Base on Balls
|
|
Batting: SHB Spencer Jones
|
0-0: Called Strike Cyril Husson steals 2nd base 0-1: Swinging Strike 0-2: Strikes out swinging
|
| Bottom of the 2nd over - 2 runs, 1 hit, 1 error, 1 left on base; Bowie 0 - New Hampshire 2 |
| TOP OF THE 3RD |
|
Bowie Baysox batting - Pitching for New Hampshire Fisher Cats : RHP Mike Powell
|
|
Batting: SHB Eric Tiehen
|
0-0: Ball 1-0: Ball 2-0: Bunt for hit to 15S - play at first, batter OUT! 1-3
|
|
Batting: RHB Danny Merrill
|
0-0: Ball 1-0: Ball 2-0: Ball 3-0: Base on Balls
|
|
Batting: RHB Rudo Garciaparra
|
0-0: Called Strike Danny Merrill steals 2nd base (no throw) 0-1: Swinging Strike 0-2: Foul Ball, location: 2F 0-2: Strikes out looking
|
|
Batting: RHB Longfellow Wetzler
|
0-0: Called Strike 0-1: Ball 1-1: Swinging Strike 1-2: Fly out, F7 (Flyball, 7LM, EV 90.6 MPH)
|
| Top of the 3rd over - 0 runs, 0 hits, 0 errors, 1 left on base; Bowie 0 - New Hampshire 2 |
| BOTTOM OF THE 3RD |
|
New Hampshire Fisher Cats batting - Pitching for Bowie Baysox : RHP Travis Tovey
|
|
Batting: RHB Donny Burnside
|
0-0: Foul Ball, location: 2F 0-1: Fly out, F8 (Flyball, 8LD, EV 91.9 MPH)
|
|
Batting: LHB Jose Bregaro
|
0-0: Called Strike 0-1: Foul Ball, location: 2F 0-2: Foul Ball, location: 2F 0-2: Ball 1-2: Ball 2-2: Foul Ball, location: 2F 2-2: Foul Ball, location: 2F 2-2: Foul Ball, location: 2F 2-2: Foul Ball, location: 2F 2-2: SINGLE (Line Drive, 9LS, EV 101.3 MPH)
|
|
Batting: LHB Ray Whitehead
|
0-0: Ball Jose Bregaro is caught stealing 2nd base 2-6 1-0: Ball 2-0: Called Strike 2-1: Foul Ball, location: 2F 2-2: Ball 3-2: Base on Balls
|
|
Batting: SHB Eduardo Maldonado
|
0-0: Ball Ray Whitehead is caught stealing 2nd base 2-6
|
| Bottom of the 3rd over - 0 runs, 1 hit, 0 errors, 0 left on base; Bowie 0 - New Hampshire 2 |
| TOP OF THE 4TH |
|
Bowie Baysox batting - Pitching for New Hampshire Fisher Cats : RHP Mike Powell
|
|
Batting: RHB Dermott Neill
|
0-0: Called Strike 0-1: Foul Ball, location: 2F 0-2: Ball 1-2: Strikes out swinging
|
|
Batting: SHB Tony Pantaleon
|
0-0: Ball 1-0: Ball 2-0: Ball 3-0: Called Strike 3-1: Foul Ball, location: 2F 3-2: Foul Ball, location: 2F 3-2: SINGLE (Groundball, 5, EV 100.0 MPH) (infield hit)
|
|
Batting: RHB Chase Cassidy
|
0-0: Ball 1-0: Fly out, F7 (Flyball, 78S, EV 76.3 MPH)
|
|
Batting: SHB Justin Toth
|
0-0: Ground out 4-3 (Groundball, 4, EV 99.4 MPH)
|
| Top of the 4th over - 0 runs, 1 hit, 0 errors, 1 left on base; Bowie 0 - New Hampshire 2 |
| BOTTOM OF THE 4TH |
|
New Hampshire Fisher Cats batting - Pitching for Bowie Baysox : RHP Travis Tovey
|
|
Batting: SHB Eduardo Maldonado
|
0-0: Swinging Strike 0-1: Ball 1-1: Foul Ball, location: 2F 1-2: Strikes out swinging
|
|
Batting: RHB Danny Alberto
|
0-0: Ball 1-0: Called Strike 1-1: Fly out, F9 (Line Drive, 9D, EV 95.0 MPH)
|
|
Batting: RHB Lee McKay
|
0-0: Swinging Strike 0-1: Ball 1-1: Ground out 6-3 (Groundball, 6, EV 85.6 MPH)
|
| Bottom of the 4th over - 0 runs, 0 hits, 0 errors, 0 left on base; Bowie 0 - New Hampshire 2 |
| TOP OF THE 5TH |
|
Bowie Baysox batting - Pitching for New Hampshire Fisher Cats : RHP Mike Powell
|
|
Batting: RHB Ashton Holloway
|
0-0: Ball 1-0: Ground out 6-3 (Groundball, 56, EV 103.8 MPH)
|
|
Batting: SHB Eric Tiehen
|
0-0: Ball 1-0: Called Strike 1-1: Foul Ball, location: 2F 1-2: Ball 2-2: Ball 3-2: Strikes out swinging, 2-3 out at first.
|
|
Batting: RHB Danny Merrill
|
0-0: Foul Ball, location: 2F 0-1: Called Strike 0-2: Ball 1-2: Strikes out swinging
|
| Top of the 5th over - 0 runs, 0 hits, 0 errors, 0 left on base; Bowie 0 - New Hampshire 2 |
| BOTTOM OF THE 5TH |
|
New Hampshire Fisher Cats batting - Pitching for Bowie Baysox : RHP Travis Tovey
|
|
Batting: RHB Jorge Baret
|
0-0: SINGLE (Groundball, 6D, EV 95.0 MPH)
|
|
Batting: RHB Cyril Husson
|
0-0: Called Strike 0-1: Foul Ball, location: 2F 0-2: Ball Jorge Baret steals 2nd base 1-2: Ball 2-2: Ball 3-2: Strikes out swinging, 2-3 out at first.
|
|
Batting: SHB Spencer Jones
|
0-0: Called Strike 0-1: Foul Ball, location: 2F 0-2: Ball 1-2: Strikes out swinging
|
|
Batting: RHB Donny Burnside
|
0-0: Foul Ball, location: 2F 0-1: Fly out, F8 (Line Drive, 8LM, EV 110.0 MPH)
|
| Bottom of the 5th over - 0 runs, 1 hit, 0 errors, 1 left on base; Bowie 0 - New Hampshire 2 |
| TOP OF THE 6TH |
|
Bowie Baysox batting - Pitching for New Hampshire Fisher Cats : RHP Mike Powell
|
|
Batting: RHB Rudo Garciaparra
|
0-0: Ball 1-0: Ball 2-0: Called Strike 2-1: Ball 3-1: Foul Ball, location: 2F 3-2: Ground out 6-3 (Groundball, 6, EV 93.8 MPH)
|
|
Batting: RHB Longfellow Wetzler
|
0-0: Called Strike 0-1: Ball 1-1: Foul Ball, location: 2F 1-2: Foul Ball, location: 2F 1-2: Ball 2-2: Foul Ball, location: 2F 2-2: Ball 3-2: Foul Ball, location: 2F 3-2: Strikes out looking
|
|
Batting: RHB Dermott Neill
|
0-0: Foul Ball, location: 2F 0-1: Ball 1-1: Swinging Strike 1-2: Strikes out swinging
|
| Top of the 6th over - 0 runs, 0 hits, 0 errors, 0 left on base; Bowie 0 - New Hampshire 2 |
| BOTTOM OF THE 6TH |
|
New Hampshire Fisher Cats batting - Pitching for Bowie Baysox : RHP Travis Tovey
|
|
Batting: LHB Jose Bregaro
|
0-0: Foul Ball, location: 2F 0-1: Ball 1-1: SINGLE (Flyball, 56D, EV 96.3 MPH)
|
|
Batting: LHB Ray Whitehead
|
0-0: SINGLE (Groundball, 4D, EV 101.3 MPH) Jose Bregaro to second Runner from 2nd tries for 3rd, SAFE, throw by CF made to third Ray Whitehead to second
|
|
Batting: SHB Eduardo Maldonado
|
0-0: Ball 1-0: Ball 2-0: Ball 3-0: Called Strike 3-1: SINGLE (Groundball, 34D, EV 100.0 MPH) Jose Bregaro scores Ray Whitehead to third Runner from 3rd tries for Home, SAFE, throw by RF to home
|
|
Batting: RHB Danny Alberto
|
Balk! Eduardo Maldonado to second 0-0: Ball 1-0: Ground out 5-3 (Groundball, 5, EV 86.9 MPH)
|
|
Batting: RHB Lee McKay
|
0-0: Swinging Strike 0-1: Swinging Strike 0-2: Strikes out swinging
|
|
Batting: RHB Jorge Baret
|
0-0: Foul Ball, location: 2F 0-1: Ball 1-1: Ground out 5-3 (Groundball, 5, EV 103.8 MPH)
|
| Bottom of the 6th over - 2 runs, 3 hits, 0 errors, 1 left on base; Bowie 0 - New Hampshire 4 |
| TOP OF THE 7TH |
|
Bowie Baysox batting - Pitching for New Hampshire Fisher Cats : RHP Mike Powell
|
|
Batting: SHB Tony Pantaleon
|
0-0: Called Strike 0-1: Ground out 6-3 (Groundball, 6M, EV 89.4 MPH)
|
|
Batting: RHB Chase Cassidy
|
0-0: Ball 1-0: Ground out 5-3 (Groundball, 5S, EV 71.3 MPH)
|
|
Batting: SHB Justin Toth
|
0-0: Foul Ball, location: 2F 0-1: Fly out, F8 (Flyball, 78S, EV 93.1 MPH)
|
| Top of the 7th over - 0 runs, 0 hits, 0 errors, 0 left on base; Bowie 0 - New Hampshire 4 |
| BOTTOM OF THE 7TH |
|
New Hampshire Fisher Cats batting - Pitching for Bowie Baysox : RHP Travis Tovey
|
|
Pitching: RHP Shane Kruger
|
|
|
Batting: RHB Cyril Husson
|
0-0: Called Strike 0-1: Fly out, F3 (Popup, 3SF, EV 56.9 MPH)
|
|
Batting: SHB Spencer Jones
|
0-0: Called Strike 0-1: Foul Ball, location: 2F 0-2: Ball 1-2: Strikes out swinging
|
|
Batting: RHB Donny Burnside
|
0-0: Ball 1-0: Swinging Strike 1-1: Swinging Strike 1-2: Ball 2-2: DOUBLE (Groundball, 5L, EV 107.5 MPH)
|
|
Batting: LHB Jose Bregaro
|
0-0: Ball 1-0: Ball 2-0: Foul Ball, location: 2F 2-1: Fly out, F8 (Line Drive, 8LM, EV 91.3 MPH)
|
| Bottom of the 7th over - 0 runs, 1 hit, 0 errors, 1 left on base; Bowie 0 - New Hampshire 4 |
| TOP OF THE 8TH |
|
Bowie Baysox batting - Pitching for New Hampshire Fisher Cats : RHP Mike Powell
|
|
Batting: RHB Ashton Holloway
|
0-0: Ball 1-0: Ball 2-0: Hit by Pitch
|
|
Batting: SHB Eric Tiehen
|
0-0: Ball 1-0: Ball 2-0: Called Strike 2-1: Swinging Strike 2-2: DOUBLE (Line Drive, 8RXD, EV 111.9 MPH) Ashton Holloway to third
|
|
Batting: RHB Danny Merrill
|
0-0: Fly out, F6 (Popup, 6MS, EV 61.3 MPH)
|
|
Batting: RHB Rudo Garciaparra
|
0-0: Called Strike 0-1: Ground out U3 (Groundball, 13, EV 89.4 MPH) Ashton Holloway scores Eric Tiehen to third
|
|
Batting: RHB Longfellow Wetzler
|
0-0: Ball 1-0: Fly out, F7 (Flyball, 7S, EV 90.6 MPH)
|
| Top of the 8th over - 1 run, 1 hit, 0 errors, 1 left on base; Bowie 1 - New Hampshire 4 |
| BOTTOM OF THE 8TH |
|
New Hampshire Fisher Cats batting - Pitching for Bowie Baysox : RHP Shane Kruger
|
|
Pitching: RHP Paulo Guincho
|
|
|
Batting: LHB Ray Whitehead
|
0-0: Ball 1-0: Called Strike 1-1: SINGLE (Groundball, 23, EV 63.1 MPH) (infield hit)
|
|
Batting: SHB Eduardo Maldonado
|
0-0: Ball 1-0: Called Strike 1-1: Swinging Strike 1-2: Foul Ball, location: 2F 1-2: SINGLE (Groundball, 5S, EV 73.1 MPH) (infield hit) Ray Whitehead to second
|
|
Batting: RHB Danny Alberto
|
0-0: Sac Bunt to 13 - play at first, batter OUT! 1-3 Ray Whitehead to third Eduardo Maldonado to second
|
|
Batting: RHB Lee McKay
|
0-0: Ball 1-0: Foul Ball, location: 2F 1-1: Ball 2-1: Ground out 6-3 (Groundball, 6, EV 88.8 MPH) Ray Whitehead scores Eduardo Maldonado to third
|
|
Batting: RHB Jorge Baret
|
0-0: Ball 1-0: Swinging Strike 1-1: Called Strike 1-2: Strikes out swinging
|
| Bottom of the 8th over - 1 run, 2 hits, 0 errors, 1 left on base; Bowie 1 - New Hampshire 5 |
| TOP OF THE 9TH |
|
Bowie Baysox batting - Pitching for New Hampshire Fisher Cats : RHP Mike Powell
|
|
Pitching: LHP Julio Gonzalez
|
|
|
Batting: RHB Dermott Neill
|
0-0: Called Strike 0-1: Foul Ball, location: 2F 0-2: Ball 1-2: Strikes out looking
|
|
Batting: SHB Tony Pantaleon
|
0-0: Swinging Strike 0-1: Ball 1-1: Ball 2-1: Swinging Strike 2-2: Ball 3-2: Strikes out swinging
|
|
Batting: RHB Chase Cassidy
|
0-0: Ball 1-0: Foul Ball, location: 2F 1-1: Foul Ball, location: 2F 1-2: Strikes out looking
|
| Top of the 9th over - 0 runs, 0 hits, 0 errors, 0 left on base; Bowie 1 - New Hampshire 5 |
|